 Dungeon Crawl Stone Soup version 0.32-a0-433-g08bcfe7efd (webtiles) character file.

Game seed: 10646993137894284177

653 ezpacito the Trooper (level 7, -1/54 HPs)
             Began as a Demonspawn Chaos Knight on Feb 22, 2024.
             Was a Plaything of Xom.
             Slain by Maggie
             ... wielding a +1 glaive of flaming
              (13 damage)
             ... on level 6 of the Dungeon.
             The game lasted 00:07:04 (4345 turns).

ezpacito the Trooper (Demonspawn Chaos Knight)      Turns: 4345, Time: 00:07:06

Health: -1/54      AC:  7    Str: 15    XL:     7   Next: 29%
Magic:  0/9        EV: 12    Int: 12    God:    Xom [..*...]
Gold:   1623       SH:  4    Dex: 12    Spells: 9/10 levels left

rFire   . . .        a - +0 hand axe (chaos)
rCold   . . .        (no shield)
rNeg    . . .        b - +2 leather armour
rPois   +            (no helmet)
rElec   .            f - +0 cloak
rCorr   +            o - +0 pair of gloves
SInv    .            (no boots)
Will    .....        (no amulet)
Stlth   +            s - ring of resist corrosion
HPRegen 0.29/turn    (no ring)
MPRegen 0.22/turn

%: guardian spirit
@: attractive, mesmerised, hasted, very quick
A: hooves 2, large bone plates 1, magic shield, magic regeneration, low MP 1,
poison resistance
a: Renounce Religion


You were on level 6 of the Dungeon.
You worshipped Xom.
You were a toy of Xom.
You visited 2 branches of the dungeon, and saw 7 of its levels.

You collected 1623 gold pieces.

Inventory:

Hand Weapons
 a - a +0 hand axe of chaos (weapon)
Missiles
 e - 7 boomerangs (quivered)
Armour
 b - a +2 leather armour (worn)
 f - a +0 cloak (worn)
 k - a +0 scale mail
 o - a +0 pair of gloves (worn)
 r - a +0 plate armour
 v - a +0 pair of boots
Jewellery
 s - a ring of resist corrosion (left hand)
Talismans
 q - a flux talisman
 w - a storm talisman
Wands
 y - a wand of flame (18)
Scrolls
 g - 2 scrolls of revelation {unknown}
 i - 2 scrolls of fear {unknown}
 l - 2 scrolls of teleportation {unknown}
 n - a scroll of summoning {unknown}
 p - 4 scrolls of identify {unknown}
 t - a scroll of immolation {unknown}
 x - a scroll of blinking {unknown}
 z - a scroll of enchant armour {unknown}
 A - a scroll of torment {unknown}
Potions
 j - a potion of heal wounds {unknown}
 m - a potion of attraction
 u - 2 potions of lignification {unknown}


   Skills:
 * Level 4.1 Fighting
 * Level 3.7 Axes
 * Level 3.2 Armour
 * Level 2.4 Dodging
 + Level 1.4 Stealth
 * Level 2.2 Unarmed Combat
 * Level 2.0 Spellcasting
 * Level 2.5 Necromancy
 * Level 1.3 Evocations
 + Level 0.5 Shapeshifting


You had 9 spell levels left.
You knew the following spells:

 Your Spells              Type           Power      Damage    Failure   Level
a - Necrotise             Necr           28%        1d5       12%         1

Your spell library contained the following spells:

 Spells                   Type           Power      Damage    Failure   Level
 Apportation              Tloc           2%         N/A       32%         1
 Slow                     Hex            4%         N/A       32%         1
 Sting                    Conj/Alch      4%         1d3       32%         1
 Summon Small Mammal      Summ           4%         N/A       32%         1
 Vampiric Draining        Necr           7%         2d6       34%         3
 Confusing Touch          Hex            1%         N/A       69%         3
 Sigil of Binding         Hex            1%         N/A       69%         3
 Summon Ice Beast         Ice/Summ       1%         N/A       69%         3
 Tukima's Dance           Hex            1%         N/A       69%         3
 Passage of Golubria      Tloc           1%         N/A       97%         4
 Summon Mana Viper        Hex/Summ       1%         N/A       100%        5
 Yara's Violent Unravell  Hex/Alch       0%         3d3       100%        5
 Monstrous Menagerie      Summ           0%         N/A       100%        7


Dungeon Overview and Level Annotations

Branches:
Dungeon (6/15)             Temple (1/1) D:5

Altars:
Ashenzari
Dithmenos
Fedhas
Gozag
Hepliaklqana
Kikubaaqudgha
Makhleb
Nemelex Xobeh
Qazlal
Ru
Sif Muna
Trog
Uskayaw
Vehumet
Wu Jian
Xom
Yredelemnul

Annotations:
D:6 Maggie


Innate Abilities, Weirdness & Mutations

You have hoof-like feet.
You are partially covered in large bone plates. (SH +4)
When hurt, damage is shared between your health and your magic reserves.
You regenerate magic rapidly.
Your magical capacity is low. (-10% MP)
Your system is resistant to poisons. (rPois)


Message History

You kill the orc wizard!
You hit the orc but do no damage. The orc barely misses you.
Maggie gestures at you while chanting. The bolt of fire hits you!!
Unknown command.
The orc hits you but does no damage. Maggie casts a spell at you.
The bolt of fire hits you!
Things that are here:
a +0 dagger; a +0 robe; an orc corpse You hit Maggie.
You freeze Maggie.
Maggie is lightly wounded.
You hit the orc. The orc barely misses you.
Maggie hits you with a +1 glaive of flaming.
* * * LOW HITPOINT WARNING * * *
Maggie burns you.
* * * LOW HITPOINT WARNING * * *
Okay, then.
The orc hits you with a +0 dagger.
* * * LOW HITPOINT WARNING * * *
Maggie closely misses you.
Maggie casts a spell.
Maggie attempts to bespell you!
You are mesmerised by Maggie!
There is a stone staircase leading up here.
You cannot move away from Maggie!
Okay, then.
You cannot move away from Maggie!
Okay, then.
It was a potion of attraction.
You feel attractive to monsters. The orc hits you but does no damage.
It was a potion of haste.
You feel yourself speed up.
Xom plays with reality for a moment.
You radiate an aura of cold.
The orc seems to slow down.
Maggie seems to slow down.
The orc hits you with a +0 dagger.
* * * LOW HITPOINT WARNING * * *
Maggie hits you from afar with a +1 glaive of flaming!
You die...
Xom laughs nastily!

.... #... .
#.>## .# #...
... ..### ....
##.#.#..#
#...)..#
#@o@...#
.............#
...##.##......#
#. #.....## .
.......: ..
#..#...... .#
#..#.....## ..
.........#


You could see Maggie (mesmerising, slow) and an orc (slow).

Vanquished Creatures
  A water moccasin (D:5)
  An ogre (D:5)
  A howler monkey (D:5)
  A bombardier beetle (D:3)
  2 hounds
  An orc priest (D:4)
  4 iguanas
  Crazy Yiuf (D:3)
  2 orc wizards
  5 adders
  2 ribbon worms (D:3)
  4 dart slugs
  9 orcs
  3 ball pythons
  2 bats (D:2)
  3 endoplasms
  5 giant cockroaches
  5 goblins
  A hobgoblin (D:2)
  2 jackals (D:1)
  4 quokkas
  A frilled lizard (D:1)
  6 kobolds
  3 rats
69 creatures vanquished.

Vanquished Creatures (others)
  A human (D:5)
1 creature vanquished.

Grand Total: 70 creatures vanquished

Notes
Turn   | Place    | Note
-------+----------+-------------------------------------------
     0 | D:1      | ezpacito the Demonspawn Chaos Knight began the quest for
                  | the Orb.
     0 | D:1      | Reached XP level 1. HP: 18/18 MP: 1/1
   297 | D:1      | XOM: silly message
   443 | D:1      | Reached skill level 1 in Dodging
   472 | D:1      | Gained mutation: You are partially covered in large bone
                  | plates. (SH +4) [demonic ancestry]
   472 | D:1      | Reached XP level 2. HP: 24/24 MP: 2/2
   897 | D:2      | XOM: silly message
  1035 | D:2      | Learned a level 1 spell: Necrotise
  1535 | D:2      | Gained mutation: You have large cloven feet. [demonic
                  | ancestry]
  1535 | D:2      | Reached XP level 3. HP: 29/29 MP: 3/3
  1735 | D:3      | Found a shadowy altar of Dithmenos.
  1805 | D:3      | Reached skill level 1 in Unarmed Combat
  1805 | D:3      | Gained mutation: You have hoof-like feet. [demonic
                  | ancestry]
  1805 | D:3      | Reached XP level 4. HP: 21/35 MP: 3/5
  1818 | D:3      | Reached skill level 1 in Spellcasting
  1824 | D:3      | Reached skill level 1 in Necromancy
  1854 | D:3      | XOM: divination: detect creatures
  1918 | D:3      | XOM: divination: detect creatures
  1954 | D:3      | Found a sparkling altar of Nemelex Xobeh.
  1954 | D:3      | Found a sacrificial altar of Ru.
  1957 | D:3      | Found an opulent altar of Gozag.
  2064 | D:3      | XOM: silly message
  2502 | D:3      | Found a runed translucent door.
  2503 | D:3      | Noticed Crazy Yiuf
  2509 | D:3      | Killed Crazy Yiuf
  2576 | D:4      | XOM: divination: detect creatures
  2582 | D:4      | XOM: summons friendly crimson imp
  2589 | D:4      | Gained mutation: You regenerate magic rapidly. [demonic
                  | ancestry]
  2589 | D:4      | Reached XP level 5. HP: 22/41 MP: 6/6
  2740 | D:4      | XOM: 1-stop teleportation journey
  3071 | D:4      | Reached skill level 1 in Stealth
  3071 | D:4      | Reached XP level 6. HP: 35/48 MP: 8/8
  3156 | D:4      | Found a burning altar of Makhleb.
  3162 | D:4      | Noticed a blizzard demon
  3162 | D:4      | Noticed an angel
  3184 | D:4      | XOM: scenery: create altars
  3215 | D:5      | Entered Level 5 of the Dungeon
  3232 | D:5      | XOM: god gift: 1335 gold pieces
  3281 | D:5      | Noticed a water moccasin
  3291 | D:5      | XOM: scenery: summon butterflies
  3295 | D:5      | Killed a water moccasin
  3296 | D:5      | Reached skill level 4 in Fighting
  3296 | D:5      | Reached skill level 1 in Evocations
  3296 | D:5      | XOM: smoke on damage
  3554 | D:5      | Gained mutation: When hurt, damage is shared between your
                  | health and your magic reserves. [demonic ancestry]
  3554 | D:5      | Reached XP level 7. HP: 54/54 MP: 9/9
  3653 | D:5      | Noticed a human
  3654 | D:5      | Found a runed translucent door.
  3656 | D:5      | Found a basalt altar of Yredelemnul.
  3717 | D:5      | Killed a human
  3717 | D:5      | XOM: divine lightning
  3940 | D:5      | XOM: swap monsters
  4021 | D:5      | XOM: give mutations
  4021 | D:5      | Gained mutation: Your system is resistant to poisons.
                  | (rPois) [Xom's mischief]
  4021 | D:5      | Gained mutation: Your magical capacity is low. (-10% MP)
                  | [Xom's mischief]
  4021 | D:5      | Gained mutation: You have hooves in place of feet. [Xom's
                  | mischief]
  4021 | D:5      | Lost mutation: You have hooves in place of feet. [Xom's
                  | mischief]
  4046 | D:5      | Found a staircase to the Ecumenical Temple.
  4082 | Temple   | Entered the Ecumenical Temple
  4305 | D:6      | Noticed Maggie
  4345 | D:6      | XOM: cast spell 'Metabolic Englaciation'
  4345 | D:6      | Slain by Maggie

Illustrated notes

Levels and vault maps discovered:
D:1:      lightli_arrival_flooded_house, layout_loops_cross
D:2:      layout_basic, hangedman_glass_teeth
D:3:      layout_loops_ring, chequers_temple_overflow_statue_of_worship,
          nicolae_dithmenos_the_darkroom, minmay_vboxes, uniq_crazy_yiuf_cottage
D:4:      layout_rooms, grunt_temple_overflow_order_and_chaos_2
D:5:      layout_loops_ring, dk_yredelemnul_ordeal,
          minmay_temple_entry_crystal_x, serial_bayou_ford_a,
          minmay_misc_feat_chi, serial_bayou_pond_d, roderic_roman_lattice
D:6:      minmay_chambers_of_threes, layout_cave_pools,
          ebering_ghost_rock_garden, uniq_maggie
Temple:   compressed_dpeg_triangle_lava_temple

Skill      XL: |  1  2  3  4  5  6  7 |
---------------+----------------------+-----
Dodging        | 1 2 |  2.4
Armour         | 2 3 |  3.2
Axes           | 3 |  3.7
Unarmed Combat | 1 2 |  2.2
Spellcasting   | 1 2 |  2.0
Necromancy     | 1 2 |  2.5
Stealth        | 1 |  1.4
Fighting       | 4 |  4.1
Evocations     | 1 |  1.3
Shapeshifting  | |  0.5

Action                     |  1- 3 |  4- 6 |  7- 9 || total
---------------------------+-------+-------+-------++-------
  Melee: Hand axe          |    71 |   113 |    54 ||   238
         Kick              |     9 |     4 |     1 ||    14
         Unarmed           |       |       |     1 ||     1
    Use: Potion            |       |     4 |     2 ||     6
         Scroll            |       |       |     2 ||     2
   Stab: Sleeping          |     1 |     1 |     1 ||     3
         Confused          |       |       |     3 ||     3
 Armour: Leather armour    |    37 |    71 |    29 ||   137
         Scale mail        |     5 |       |       ||     5
  Dodge: Dodged            |    38 |    59 |    38 ||   135
  Block: Other             |       |    15 |     6 ||    21

Table legend: (Time is in decaauts)
 A = Elapsed time spent in this place.
 B = Non-inter-level travel time spent in this place.
 C = Inter-level travel time spent in this place.
 D = Time resting spent in this place.
 E = Time spent auto-exploring this place.
 F = Levels seen in this place.
 G = Mean time per level.
                   A        B        C        D        E       F      G
               +--------+--------+--------+--------+--------+-----+--------+
         Total |   4386 |   4117 |    269 |    145 |   3270 |   7 |  626.6 |
       Dungeon |   4384 |   4116 |    268 |    145 |   3270 |   6 |  730.7 |
        Temple |      1 |      1 |      0 |      0 |      0 |   1 |    1.0 |
               +--------+--------+--------+--------+--------+-----+--------+

Top non-repeatable levels by time:
     D:5: 1125 daAuts
     D:3: 920 daAuts
     D:2: 840 daAuts
     D:1: 828 daAuts
     D:4: 648 daAuts
     D:6: 21 daAuts
  Temple: 1 daAuts
